Cogmind - Beta 13 --- EXPLORER MODE // 2024.05.06 @ 16:38:29 Player: Xax Result: Destroyed by G-50 Soldier with Heavy Laser Performance ------------- Evolutions (4) 2000 Regions Visited (6) 1200 Robots Destroyed (101) 505 Value Destroyed (4446) 4446 Prototype IDs (8) 160 Alien Tech Used (0) 0 Bonus (39) 39 TOTAL SCORE: 8350 Bonus ------- High Alert Combat Kills 24 Follower Combat Kills 33 Friendly Fire -18 Cogmind --------- Core Integrity 0/850 Matter 15/300 Energy 100/100 System Corruption 0% Temperature Cool (9) Movement Core (1350) Ox26 Location -6/Factory Parts ------- > --- POWER (1) -------- (None) > --- PROPULSION (5) --- (None) > --- UTILITY (8) ------ Huge Storage Unit Advanced Targeting Computer > --- WEAPON (2) ------- (None) > --- INVENTORY (25) --- Improved Deuterium Engine Improved Deuterium Engine Improved Deuterium Engine Micro Nuclear Core Micro Nuclear Core Micro Nuclear Core Light Angular Momentum Engine Flak Cannon Flak Cannon Improved Grenade Launcher Axe Power Sword Power Sword Peak State ------------ > --- POWER ------------ Improved Deuterium Engine > --- PROPULSION ------- Advanced Treads Medium Treads Medium Treads Improved Medium Treads Improved Medium Treads > --- UTILITY ---------- Improved Cooling System Huge Storage Unit High-capacity Battery Improved Signal Interpreter Advanced Targeting Computer Improved Melee Analysis Suite Microactuators Medium Reflective Plating > --- WEAPON ----------- Gauss Cannon Power Sword > --- INVENTORY -------- Improved Deuterium Engine Improved Deuterium Engine Improved Deuterium Engine Improved Deuterium Engine Improved Deuterium Engine Micro Nuclear Core Micro Nuclear Core Micro Nuclear Core Light Angular Momentum Engine Light Treads Light Treads Light Treads High-powered Shock Rifle Proton Cannon Flak Cannon Flak Cannon Flak Cannon Advanced Assault Cannon Gauss Cannon Mini Grenade Launcher Improved Grenade Launcher Long-range Missile Launcher Axe Power Sword [Rating: 66] Favorites ----------- Power Enhanced Nuclear Core Engine Improved Deuterium Engine Power Core Enhanced Nuclear Core Propulsion Light Treads Treads Light Treads Wheel Wheel Utility Huge Storage Unit Device Improved Shield Generator Storage Huge Storage Unit Processor Advanced Targeting Computer Protection Power Shielding Weapon Gauss Cannon Energy Gun Shock Rifle Energy Cannon Proton Cannon Ballistic Gun Light Assault Rifle Ballistic Cannon Gauss Cannon Launcher Long-range Missile Launcher Impact Weapon Heavy Mace Slashing Weapon Axe Build | -11 -10 -10 -9 -8 -7 -6 ------- Run | Yrd Mat Min Mat Mat Fac Fac Slots Evolved 9 | . 1 . 2 2 2 2 Power . | . . . . . . . Propulsion 3 | . 1 . . . 2 . Utility 6 | . . . 2 2 . 2 Weapon . | . . . . . . . Parts Attached 117 | 7 1 . 7 21 43 38 Power 9 | 1 . . 1 1 3 3 Engine 8 | 1 . . 1 1 2 3 Core 1 | . . . . . 1 . Reactor . | . . . . . . . Propulsion 39 | 2 . . 1 5 20 11 Treads 37 | 2 . . 1 5 20 9 Leg . | . . . . . . . Wheel 2 | . . . . . . 2 Hover . | . . . . . . . Flight . | . . . . . . . Utility 23 | 2 1 . 3 7 4 6 Device 8 | 1 . . 1 1 3 2 Storage 6 | . 1 . . 4 . 1 Processor 5 | 1 . . . 2 1 1 Hackware . | . . . . . . . Protection 4 | . . . 2 . . 2 Artifact . | . . . . . . . Weapon 46 | 2 . . 2 8 16 18 Energy Gun 4 | . . . . 1 1 2 Energy Cannon 1 | . . . . . . 1 Ballistic Gun 5 | 2 . . 1 2 . . Ballistic Cannon 20 | . . . . 4 8 8 Launcher 5 | . . . 1 . 1 3 Special Weapon . | . . . . . . . Impact Weapon 2 | . . . . 1 1 . Slashing Weapon 9 | . . . . . 5 4 Piercing Weapon . | . . . . . . . Special Melee Weapon . | . . . . . . . Unidentified Prototypes 1 | . . . . . 1 . Parts Lost 40 | . . . 1 . 4 35 Power 3 | . . . . . . 3 Propulsion 16 | . . . . . 3 13 Utility 11 | . . . 1 . 1 9 Weapon 10 | . . . . . . 10 Highest Loss Streak 12 | . . . 1 . 2 12 To Critical Strikes 2 | . . . . . . 2 Average Slot Usage (%) 91 | . 87 87 98 96 96 81 Engine 4 | . 12 12 10 8 . 5 Core 2 | . . . . . 6 . Treads 27 | . 25 25 29 23 32 21 Device 8 | . 5 . . 8 12 9 Storage 13 | . 7 12 10 16 14 14 Processor 13 | . 12 12 10 14 14 13 Protection 4 | . . . 18 8 . 3 Ballistic Gun 4 | . 25 25 19 5 . . Ballistic Cannon 6 | . . . . 6 9 5 Slashing Weapon 2 | . . . . . 3 3 Naked Turns . | . . . . . . . Heaviest Build 122 | 9 18 18 25 101 110 122 Greatest Support 138 | 40 40 40 63 65 118 138 Greatest Overweight (x) 34 | 1 . . . 4 4 34 Average Overweight (x) . | . . . . . . 1 Largest Inventory Capacity 25 | 5 10 10 10 25 25 25 Average Capacity 21 | 5 7 10 10 21 25 25 Most Carried 25 | 5 7 7 10 21 25 25 Average Carried 18 | 4 5 7 8 15 23 20 Final Capacity 25 | 5 10 10 10 25 25 25 Final Carried 25 | 5 7 7 7 21 25 13 Class Distribution -------------------- 95% | Hacker-Mutant 4% | Hacker-Gladiator Dominant Class ---------------- Hacker-Mutant | -10/Materials Hacker-Mutant | -10/Mines Hacker-Mutant | -9/Materials Hacker-Mutant | -8/Materials Hacker-Mutant | -7/Factory Hacker-Mutant | -6/Factory Resources | -11 -10 -10 -9 -8 -7 -6 ----------- Run | Yrd Mat Min Mat Mat Fac Fac Matter Collected 3211 | 193 127 . 326 383 1022 1160 Remotely . | . . . . . . . Salvage Created 3083 | . 91 . 353 439 1019 1181 Parts 167 | . 3 . 21 23 62 58 Haulers Intercepted 1 | . . . . . 1 . Recyclers Shooed 6 | . . . . 1 . 5 Parts Field Recycled . | . . . . . . . Retrieved Matter . | . . . . . . . Parts Self-Destructed . | . . . . . . . Prevented . | . . . . . . . Kills | -11 -10 -10 -9 -8 -7 -6 ------- Run | Yrd Mat Min Mat Mat Fac Fac Combat Hostiles Destroyed 74 | . 2 . 8 8 26 30 Melee 4 | . . . . . 2 2 Guns 16 | . 2 . 7 2 . 5 Cannons 43 | . . . . 4 23 16 AOE 10 | . . . 1 2 1 6 Classes Destroyed 15 | . 1 . 3 2 8 1 Worker 4 | . . . . 1 . 3 Builder 4 | . . . . . 1 3 Tunneler 2 | . . . . . 1 1 Hauler 1 | . . . . . 1 . Recycler 1 | . . . . . 1 . Mechanic 2 | . . . . . 1 1 Operator 2 | . . . . . 1 1 Watcher 11 | . . . 2 3 4 2 Swarmer 2 | . . . 2 . . . Grunt 28 | . 2 . 2 3 8 13 Brawler 1 | . . . . . . 1 Duelist 1 | . . . . 1 . . Sentry 15 | . . . 4 4 4 3 Hunter 17 | . . . . . 7 10 Programmer 10 | . . . . . 7 3 Best Kill Streak 8 | . 1 . 3 3 4 8 Combat Bots Only 4 | . 1 . 3 2 2 4 Max Kills in Single Turn 3 | . 1 . 1 2 2 3 Gunslinging . | . . . . . . . Exploded 2 | . . . 1 2 1 1 Melee 1 | . . . . . 1 1 Uniques/NPCs Destroyed . | . . . . . . . Combat | -11 -10 -10 -9 -8 -7 -6 -------- Run | Yrd Mat Min Mat Mat Fac Fac Hostile Shots Fired 1187 | . 14 . 61 43 369 700 Missed 338 | . 3 . 10 14 109 202 Damage Taken 6851 | . 104 . 426 303 1517 4501 Core 1059 | . . . 52 52 100 855 Absorbed by Shields 806 | . . . . . 520 286 Redirected to Shielding 63 | . . . 55 5 3 . Ignored by Resistances 5061 | . 63 . 275 185 1293 3245 Regen/Repaired (Parts) 137 | . . . . . 137 . Core Remaining (%) 92 | 100 . 100 87 90 85 . Volleys Fired 316 | . 13 . 35 40 103 125 Largest 2 | . 2 . 2 2 2 2 Hottest 103 | . 40 . 50 88 103 103 Shots Fired 461 | . 26 . 66 71 135 163 Gun 152 | . 26 . 63 34 5 24 Cannon 284 | . . . . 37 127 120 Launcher 25 | . . . 3 . 3 19 Special . | . . . . . . . Kinetic 383 | . 26 . 63 54 127 113 Thermal . | . . . . . . . Explosive 25 | . . . 3 . 3 19 Electromagnetic 53 | . . . . 17 5 31 Robot Hit Streak 40 | . 16 . 40 28 40 27 Robot Miss Streak 3 | . 2 . 2 1 1 3 Penetration Max 1 | . . . . . 1 . Secondary Targets 2 | . . . 1 1 . . Max Gunslinging Chain 1 | . . . 1 1 . . Shots Hit Robots 432 | . 22 . 57 63 137 153 Core Hits 224 | . 6 . 22 37 62 97 Critical Kills . | . . . . . . . Critical Parts Destroyed . | . . . . . . . Critical Strikes 29 | . . . . . 19 10 Blast 24 | . . . . . 15 9 Corrupt 1 | . . . . . 1 . Sever 4 | . . . . . 3 1 Melee Attacks 23 | . . . . . 11 12 Impact . | . . . . . . . Slashing 23 | . . . . . 11 12 Piercing . | . . . . . . . Sneak Attacks 2 | . . . . . 2 . Combat Hostiles . | . . . . . . . Follow-up Attacks 1 | . . . . . . 1 Damage Inflicted 11931 | . 225 . 813 833 3818 6242 Guns 1686 | . 225 . 585 356 20 500 Cannons 6262 | . . . . 373 3103 2786 Explosions 3134 | . . . 228 104 237 2565 Melee 849 | . . . . . 458 391 Ramming . | . . . . . . . Kinetic 6932 | . 225 . 585 468 3103 2551 Thermal 268 | . . . . 104 . 164 Explosive 2819 | . . . 228 . 190 2401 Electromagnetic 1063 | . . . . 261 67 735 Impact . | . . . . . . . Slashing 849 | . . . . . 458 391 Piercing . | . . . . . . . Highest Corruption 8 | . . . . . 8 . Average Corruption 3 | . . . . . 3 . Corruption Purged . | . . . . . . . Corruption Blocked . | . . . . . . . Effects 27 | . . . . . 27 . Message Errors 5 | . . . . . 5 . Matter Fused 6 | . . . . . 6 . Heat Flow Errors 9 | . . . . . 9 . Energy Discharges 1 | . . . . . 1 . Parts Rejected 2 | . . . . . 2 . Parts Fused 2 | . . . . . 2 . Data Loss (minor) 2 | . . . . . 2 . Overload Shots . | . . . . . . . Overflow Damage 387 | . . . . . 138 249 Projectiles 170 | . . . . . 85 85 Explosions 181 | . . . . . 19 162 Melee 36 | . . . . . 34 2 Knockbacks 65 | . . . . 13 24 28 Impact . | . . . . . . . Kinetic 61 | . . . . 11 22 28 Secondary 4 | . . . . 2 2 . Self-Inflicted Damage 345 | . . . . . 75 270 Shots 12 | . . . . . 4 8 Rammed . | . . . . . . . Targets Rammed . | . . . . . . . Kicked . | . . . . . . . Crushed . | . . . . . . . Highest Temperature 271 | . 18 . 34 4 271 96 Average Temperature 49 | . 11 . 10 4 63 27 Received Heat Transfer 1799 | . 96 . 201 189 251 1062 Siege Activations . | . . . . . . . Robots Corrupted 1 | . . . . . . 1 Combat Hostiles 1 | . . . . . . 1 Parts Fried 4 | . . . . 3 . 1 Impact Corruptions . | . . . . . . . Robots Melted . | . . . . . . . Combat Hostiles . | . . . . . . . Parts Melted 1 | . . . . 1 . . Heat Transferred 300 | . . . . 150 . 150 Parts Sabotaged . | . . . . . . . Parts Stolen . | . . . . . . . Parts Stripped . | . . . . . . . Power Chain Reactions 4 | . . . . 2 1 1 Alert | -11 -10 -10 -9 -8 -7 -6 ------- Run | Yrd Mat Min Mat Mat Fac Fac Peak Influence 421 | . 65 17 171 191 233 421 Initial 51 | . . 17 4 51 41 43 Average 94 | . 26 17 73 65 92 138 Maximum Alert Level 2 | . . . . 1 1 2 Low Security (%) 91 | 100 100 100 100 99 90 81 Level 1 8 | . . . . . 9 17 Level 2 . | . . . . . . 1 Level 3 . | . . . . . . . Level 4 . | . . . . . . . Level 5 . | . . . . . . . High Security . | . . . . . . . Max Security . | . . . . . . . Squads Dispatched 27 | . . . . . 16 11 Investigation 10 | . . . . . 7 3 Extermination 8 | . . . . . 5 3 Reinforcement 6 | . . . . . 1 5 Assault . | . . . . . . . Garrison 3 | . . . . . 3 . Intercept . | . . . . . . . Searches Triggered . | . . . . . . . Construction Impeded 3 | . . . . . . 3 Haulers Reinforced 2 | . . . . . 1 1 Active Scanning Responses . | . . . . . . . Cargo Convoy Interrupts . | . . . . . . . Stealth | -11 -10 -10 -9 -8 -7 -6 --------- Run | Yrd Mat Min Mat Mat Fac Fac Distress Signals 8 | . 1 . 2 3 2 . Communications Jammed . | . . . . . . . Distress Signals . | . . . . . . . Times Spotted 102 | . 4 . 13 12 31 42 Peak Tracking Total 4 | . 3 . 4 2 3 4 Tactical Retreats 2 | . . . . . . 2 Traps | -11 -10 -10 -9 -8 -7 -6 ------- Run | Yrd Mat Min Mat Mat Fac Fac Traps Triggered 5 | . . . . 2 3 . Indirectly . | . . . . . . . Trap Hack Attempts . | . . . . . . . Triggered . | . . . . . . . Disarmed . | . . . . . . . Reprogrammed . | . . . . . . . Reused . | . . . . . . . Traps Extracted . | . . . . . . . Installed . | . . . . . . . Triggered . | . . . . . . . Machines | -11 -10 -10 -9 -8 -7 -6 ---------- Run | Yrd Mat Min Mat Mat Fac Fac Machines Disabled 20 | . . . 2 2 7 9 Max in Single Turn 5 | . . . 1 1 4 5 Machines Repaired . | . . . . . . . Machines Dismantled . | . . . . . . . Machines Sabotaged . | . . . . . . . Overloaded Fab Kills . | . . . . . . . Hacking | -11 -10 -10 -9 -8 -7 -6 --------- Run | Yrd Mat Min Mat Mat Fac Fac Machines Accessed 20 | . 2 . 2 3 8 5 Terminals 11 | . 2 . 1 3 3 2 Fabricators 1 | . . . . . 1 . Repair Stations 3 | . . . . . 2 1 Recycling Units . | . . . . . . . Scanalyzers 5 | . . . 1 . 2 2 Garrison Access . | . . . . . . . Total Hacks 53 | . 5 . 5 6 21 16 Successful 34 | . 4 . 5 5 11 9 Failed 19 | . 1 . . 1 10 7 Catastrophic 1 | . . . . . 1 . Database Lockouts . | . . . . . . . Manual . | . . . . . . . Terminals 23 | . 5 . 1 6 7 4 Fabricators 3 | . . . . . 3 . Repair Stations 9 | . . . . . 6 3 Recycling Units . | . . . . . . . Scanalyzers 18 | . . . 4 . 5 9 Garrison Access . | . . . . . . . Terminal Hacks 16 | . 4 . 1 5 3 3 Record 6 | . 4 . 1 1 . . Part Schematic 3 | . . . . . 2 1 Prototype ID Bank 4 | . . . . 3 1 . Open DSF 1 | . . . . . . 1 Branch Access Points 1 | . . . . 1 . . Locate Traps 1 | . . . . . . 1 Fabricator Hacks . | . . . . . . . Repair Station Hacks 4 | . . . . . 4 . Scan Component 2 | . . . . . 2 . Repair 2 | . . . . . 2 . Recycling Unit Hacks . | . . . . . . . Scanalyzer 14 | . . . 4 . 4 6 Insert Component 8 | . . . 2 . 2 4 Analyze 6 | . . . 2 . 2 2 Garrison Access Hacks . | . . . . . . . Unauthorized Hacks . | . . . . . . . Terminals . | . . . . . . . Fabricators . | . . . . . . . Repair Stations . | . . . . . . . Recycling Units . | . . . . . . . Scanalyzers . | . . . . . . . Garrison Access . | . . . . . . . Data Cores Recovered . | . . . . . . . Used . | . . . . . . . Hacking Detections 10 | . 1 . . . 6 3 Full Trace Events 10 | . 1 . . . 6 3 Feedback Events 2 | . . . . . 2 . Corruption 2 | . . . . . 2 . Feedback Blocked . | . . . . . . . Robot Schematics Acquired . | . . . . . . . Robots Built . | . . . . . . . Authchips . | . . . . . . . Time . | . . . . . . . Total Robot Build Rating . | . . . . . . . Part Schematics Acquired 8 | . . . 2 . 3 3 Parts Built . | . . . . . . . Authchips . | . . . . . . . Time . | . . . . . . . Total Part Build Rating . | . . . . . . . Parts Repaired 2 | . . . . . 2 . Time 32 | . . . . . 32 . Parts Recycled . | . . . . . . . Recycled Matter . | . . . . . . . Retrieved Matter . | . . . . . . . Retrieved Components . | . . . . . . . Parts Scanalyzed 7 | . . . 2 . 2 3 Part Schematics Acquired 5 | . . . 2 . 1 2 Parts Damaged 1 | . . . . . . 1 Bothacking | -11 -10 -10 -9 -8 -7 -6 ------------ Run | Yrd Mat Min Mat Mat Fac Fac Used RIF Installer . | . . . . . . . Robots Hacked . | . . . . . . . Non-combat . | . . . . . . . Combat . | . . . . . . . Robot Hacks Applied . | . . . . . . . Relay Couplers Released . | . . . . . . . Fabnet Peak Effective % . | . . . . . . . Robots Rewired . | . . . . . . . Allies Hacked . | . . . . . . . Hacks Repelled . | . . . . . . . Allies | -11 -10 -10 -9 -8 -7 -6 -------- Run | Yrd Mat Min Mat Mat Fac Fac Total Allies 2 | . . 2 . . . . Largest Group 2 | . . 2 2 . . . Highest-Rated Group 43 | . . 43 43 . . . Highest-Rated Ally 31 | . . 31 31 . . . Total Orders . | . . . . . . . Ally Attacks 8 | . . . 8 . . . Total Damage 102 | . . . 102 . . . Kills 1 | . . . 1 . . . Allies Corrupted . | . . . . . . . Allies Melted . | . . . . . . . Intel | -11 -10 -10 -9 -8 -7 -6 ------- Run | Yrd Mat Min Mat Mat Fac Fac Robot Analysis Total . | . . . . . . . Derelict Logs Recovered . | . . . . . . . Drone Launches . | . . . . . . . Drone Recoveries . | . . . . . . . Exploration | -11 -10 -10 -9 -8 -7 -6 ------------- Run | Yrd Mat Min Mat Mat Fac Fac Turns Passed 5770 | 68 231 98 574 974 2184 1641 Spaces Moved 2336 | 41 109 49 227 373 992 545 Core 27 | 12 . . . . . 15 Treads 2305 | 29 109 49 227 373 992 526 Legs . | . . . . . . . Wheels 4 | . . . . . . 4 Hover . | . . . . . . . Flight . | . . . . . . . Fastest Speed 50 | 50 160 160 160 155 157 157 Average Speed 188 | 130 160 160 160 210 173 226 Slowest Speed 1750 | 160 160 160 160 480 465 1750 Overloaded Moves . | . . . . . . . Propulsion Burnouts . | . . . . . . . Robots Hopped . | . . . . . . . Cave-ins Triggered . | . . . . . . . Exploration Rate (%) 19 | 5 19 22 22 32 24 13 Regions Visited 6 Branch Regions 1 Pre-discovered Areas . | . . . . . . . Known Exits Taken 6 | 1 1 1 1 1 1 . Unknown Exits Taken . | . . . . . . . Scrap Searched . | . . . . . . . Spaces Dug . | . . . . . . . Terrain Destroyed 283 | . . . 39 4 21 219 Melee . | . . . . . . . Projectile 18 | . . . . . 11 7 AOE 265 | . . . 39 4 10 212 Terrain Rammed . | . . . . . . . Walls Destroyed . | . . . . . . . Machines Disabled . | . . . . . . . Actions | -11 -10 -10 -9 -8 -7 -6 --------- Run | Yrd Mat Min Mat Mat Fac Fac Total 3217 | 53 142 69 380 491 1302 780 Wait 296 | . 18 21 96 21 98 42 Move 2330 | 40 108 48 226 372 991 545 Hop . | . . . . . . . Pick Up 94 | 6 2 . 10 26 34 16 Fast Attach 14 | 6 . . . 2 5 1 Attach 42 | 1 . . 4 4 8 25 Detach 1 | . . . . 1 . . Swap 61 | . 1 . 3 15 30 12 Drop 42 | . . . 6 10 22 4 Fire 316 | . 13 . 35 40 103 125 Melee 21 | . . . . . 11 10 Ram . | . . . . . . . Kick . | . . . . . . . Crush . | . . . . . . . Escape Stasis . | . . . . . . . Rewire . | . . . . . . . Trap . | . . . . . . . Miscellaneous . | . . . . . . . Route ------- -11/Scrapyard -10/Materials -10/Mines -9/Materials -8/Materials -7/Factory (discovered 2 exits: *Fac x2) -6/Factory History --------- Turn | Location | Event 12 | -11/Scrapyard | Identified exit to Materials 12 | -11/Scrapyard | Discovered exit to Materials (range 16) 69 | -11/Scrapyard | Entered Materials 69 | -10/Materials | Evolved 1 slot: Propulsion x1 269 | -10/Materials | Identified exit to Mines 269 | -10/Materials | Discovered exit to Mines (range 9) 300 | -10/Materials | Entered Mines 301 | -10/Mines | Build established: Hacker-Mutant 350 | -10/Mines | Identified exit to Materials 350 | -10/Mines | Discovered exit to Materials (range 16) 398 | -10/Mines | Entered Materials 398 | -9/Materials | Accompanied by 2 allies 398 | -9/Materials | Evolved 2 slots: Utility x2 403 | -9/Materials | Led the pair of lost Derelicts to an unsafe place 895 | -9/Materials | Identified exit to Materials 895 | -9/Materials | Discovered exit to Materials (range 16) 972 | -9/Materials | Entered another Materials area 972 | -8/Materials | Evolved 2 slots: Utility x2 1934 | -8/Materials | Identified exit to Factory 1934 | -8/Materials | Discovered exit to Factory (range 5) 1946 | -8/Materials | Entered Factory 1946 | -7/Factory | Evolved 2 slots: Propulsion x2 1973 | -7/Factory | Repaired Imp. Treads 2572 | -7/Factory | Garrison activated, responded to threat 3917 | -7/Factory | Repaired Med. Treads 4101 | -7/Factory | Identified exit to Factory 4101 | -7/Factory | Discovered exit to Factory (range 12) 4127 | -7/Factory | Discovered exit to Factory (range 15) 4130 | -7/Factory | Entered another Factory area 4130 | -6/Factory | Evolved 2 slots: Utility x2 4613 | -6/Factory | Lost 6 parts (3n2u1w) 5216 | -6/Factory | Lost 7 parts (1p4n1u1w) 5530 | -6/Factory | Lost 12 parts (1p5n3u3w) 5617 | -6/Factory | Core integrity fell below 50% 5661 | -6/Factory | Lost 5 parts (1n1u3w) 5689 | -6/Factory | Core integrity fell below 20% 5771 | -6/Factory | Destroyed by G-50 Soldier with Heavy Laser Last Messages --------------- 05696_ Penetrated by Slug. 05698_ K-01 Serf collects debris. 05703_ Penetrated by Slug. 05704_ K-01 Serf collects debris. 05711_ Slug penetrates Wall. 05713_ K-01 Serf collects debris. 05727_ Penetrated by Slug. 05727_ K-01 Serf destroyed. 05732_ Penetrated by Slug. 05738_ R-10 Processor collects Sml. Matter Pod. 05740_ Slug penetrates Wall. 05740_ Imp. Melee Analysis Suite destroyed. 05742_ R-10 Processor collects Lgt. Ion Engine. 05746_ Penetrated by Slug. 05756_ K-01 Serf collects debris. 05759_ Penetrated by Slug. 05759_ Magnetic Acceleration Cannon destroyed. 05761_ K-01 Serf collects debris. 05766_ Penetrated by Slug. 05769_ K-01 Serf collects debris. Map ----- +----------------------------------------------------+ | ?????????????????????????????????# """ + #? | | ?????????????????????????????????# # #? | | ?????????????????????????????????# """ # #? | | ?????????????????????????????????# """ + #? | | ?????????????????????????????????# """ ### ###? | | ?????????????????????????????????# #?# ##?? | | ?????????????????????????####????############ #### | | ????????????????????????? ???????????# | | ????????????????????????? "???????????# # | | ????????????????????##??# "??????? ???# % | | ??????????????####### ### "????"" ??## % | | ????????????? # ?? #?? | | ????????????? """ #?## % | | ???????????? # """ *#?? # | | ???????????? """ ????# # | | ???????????? % ""????# | | ??????????? % ?T?????#" | | ??????????? %% % ???"?????#" | | ???????????### # A ????? ?##???# | | ?????????? # g % ###########+####### [ | | ???????????????## % %% % # | | ????????????????# R # [ | | ????????????????# # | | ????????????????# % + | | ????????????????# # | | ????????????????# @ hR # | | ????????????????# % k # | | ????????????????#####+############# ####+#+# | | ?????????????????? #?????# ## | | ????????????????? ???????# | | ???????????????? ???????# % | | ???????????????# ???????# % | | ???????????????# ???????# | | ???????????????# ???????# | | ???????????????# ???????# | | ????????????????? ???????# | | ??????????????????? ??##########+#### | | ?????????????????????? ??# ! ######/# | | ???????????????????????? ????# # ! | | ?????????????????????????????# #""" " | | ?????????????????????????????# #"R " | | ?????????????????????????????# """ """ #""" " | | ?????????????????????????????# """ """ #""" " | | ?????????????????????????????# """ """ # | | ?????????????????????????????# # """" " | | ?????????????????????????????# """ # """" " | | ?????????????????????????????# "Y" """ # """" " | | ?????????????????????????????# """ """ # """" " | | ?????????????????????????????# ??# | | ?????????????????????????????###########??# | +----------------------------------------------------+ Best States ------------- Heat Dissipation 64 Energy Generation 18 Energy Capacity 540 Matter Stores 450 Matter Capacity 450 Sight Range 16 Terrain Scan Range 14 Terrain Scan Density 10 Armor Coverage 225 Resistance: KI 35 Resistance: TH 50 Resistance: EX 35 Resistance: EM 35 Resistance: I 35 Resistance: S 35 Resistance: P 35 Power Shielding 33 Propulsion Shielding 33 Melee Speed Boost 20 Evasion (%) 50 Targeting Accuracy 8 Melee Accuracy 6 Recoil Reduction 5 Matter Filtering 30 Offensive Hacking 20 Item Schematics ----------------- Mni. Grenade Launcher | -9/Materials | Scanalyzed Hcp. Battery | -9/Materials | Scanalyzed Phase Cannon | -7/Factory | Hacked Launcher Guidance Computer | -7/Factory | Hacked Lgt. Treads | -7/Factory | Scanalyzed Imp. Transmission Jammer | -6/Factory | Hacked Power Sword | -6/Factory | Scanalyzed Mic. Nuclear Core | -6/Factory | Scanalyzed Robot Schematics ------------------ None Fabricated ------------ Nothing Alien Tech Used ----------------- None Achievements -------------- None Challenges ------------ None Game ------ Seed SmartbombSystemLoader Manual? 0 Play Time 01:09:44 Cumulative 191.3 hours Start 2024.05.06 @ 15:16:26 End 2024.05.06 @ 16:38:29 Sessions 1 Manual Loads 0 Difficulty Explorer Special Mode None Game No. 55 Rogue 1 Adventurer 0 Explorer 54 Win Type - Total 1 Types 0/0/1/0/0/0/0/0/0 Lore% 34 Gallery% 59 Achievement% 42 Wizard Run 0 Options --------- Layout 1 ASCII 0 Keyboard 0 Movement Mouse Keybinds 0 Fullscreen 1 Font 32/SmallcapsGlow Map View 90x40 Zoom Use 0% Tactical HUD 1 Map Filters NONE Filters NONE Steam 1 RUN: 1d1ad89d-f39c-4cc1-b155-f84d77397632